[Event "US Masters 2024"]
[Site "Charlotte"]
[Date "2024.11.28"]
[Round "2.11"]
[White "Samsonkin, Artiom"]
[Black "Matviishen, Viktor"]
[Result "0-1"]
[ECO "B53"]
[WhiteElo "2363"]
[BlackElo "2566"]
[Annotator "TA"]
[PlyCount "58"]
[EventDate "2024.09.23"]
[EventType "swiss"]
[EventCountry "USA"]
[SourceTitle "playchess.com"]
[Source "ChessBase"]
[SourceQuality "1"]
[TimeControl "5400+30"]

1. e4 c5 2. Nf3 d6 3. d4 cxd4 4. Qxd4 Nc6 5. Qe3 g6 6. Be2 Bg7 7. O-O Nf6 8. h3 {[%emt 0:00:00] The position is equal.} O-O 9. Rd1 Be6 10. Nc3 Rc8 11. a3 a6 12. Rb1 Qc7 13. Qf4 Ne5 14. Qh4 Nxf3+ 15. Bxf3 b5 16. Be3 Qb8 17. Be2 Bc4 18. Bd3 Rfe8 19. Bh6 Bxh6 20. Qxh6 Qb6 21. Re1 a5 22. Qd2 b4 23. axb4 axb4 24. Nd1 b3 25. Ne3 (25. c3 $1 $11) 25... bxc2 $15 26. Nxc4 $4 {[%emt 0:00:21][%mdl 8192] [#] This costs White the game.} ({White should play} 26. Bxc2 $15 Ba2 27. Rbd1) 26... cxb1=N $19 (26... cxb1=Q 27. Nxb6 Qa2 28. e5 dxe5 29. Nxc8 Rxc8 30. Rxe5 $16) 27. Rxb1 Qd4 28. Qe2 Nxe4 29. Rd1 $2 {[%emt 0:00:28] [#]} (29. Ne3 Nf6 30. Nc2) 29... Nxf2 $1 {[%emt 0:00:00] Weighted Error Value: White=0.45/Black=0.05 (flawless) .  Loses game:     	White=1     	---        Mistake:       	White=2     	---        Inaccurate:     	White=1     	Black=1      OK:         	White=6     	Black=14     Best:        	---       	Black=1      Brilliant:      	---       	Black=1} 0-1

[Event "US Masters 2024"]
[Site "Charlotte"]
[Date "2024.11.28"]
[Round "2.12"]
[White "Kevlishvili, Robby"]
[Black "Yedidia, Jonathan"]
[Result "1-0"]
[ECO "C41"]
[WhiteElo "2556"]
[BlackElo "2345"]
[Annotator "TA"]
[PlyCount "88"]
[EventDate "2024.09.23"]
[EventType "swiss"]
[EventCountry "USA"]
[SourceTitle "playchess.com"]
[Source "ChessBase"]
[SourceQuality "1"]
[TimeControl "5400+30"]

1. e4 d6 2. d4 Nf6 3. Nc3 e5 4. Nf3 Nbd7 5. Bc4 Be7 6. a4 O-O 7. O-O c6 8. Re1 h6 9. h3 Re8 10. a5 Qc7 11. Bf1 Rb8 12. d5 {[%emt 0:00:41] White is slightly better.} a6 13. Nd2 cxd5 14. exd5 b5 15. axb6 Nxb6 16. Nde4 (16. Bxa6 Ra8 17. Bxc8 (17. Nb5 $2 Qb8 $19) 17... Rxa1 $17) 16... Nxe4 17. Rxe4 f5 18. Rb4 Ra8 (18... Rf8 $16 {was worth a try.}) 19. Be3 (19. Bxh6 $18 {Strongly threatening Qh5.} Nd7 (19... gxh6 $2 20. Qh5 $18) 20. Bd2) 19... Nd7 $16 20. Rc4 Qb7 21. Ra3 {[%emt 0:02:23] [#] And now Rb3 would win.} Nf6 22. Rb3 Qd7 23. Na4 {[%emt 0:00:08] Nb6 is the strong threat. White has more active pieces.} Bd8 24. Nb6 $36 {[%emt 0:03:45][%mdl 2048] White is in control.} Bxb6 25. Bxb6 (25. Rxb6 $6 f4 26. Bc1 Bb7 $11) 25... Qf7 26. Rc7 Re7 27. Rxe7 Qxe7 28. Ba5 e4 (28... f4 $142) 29. Qd4 Nd7 30. c4 Kh7 31. Bc3 a5 (31... Qg5 $142 32. Bd2 Qd8) 32. Ra3 $18 a4 33. b4 Bb7 {[%emt 0:03:11][%cal Bc8b7,Bb7c6,Bc6b5,Bb5a6][%mdl 32] [#]} 34. c5 $1 dxc5 35. bxc5 {[%emt 0:00:48][%cal Oc5c6] aiming for c6!} Nf6 36. d6 (36. Rxa4 Nxd5 37. Rxa8 Bxa8 $16) 36... Qd7 {[%emt 0:00:04] Black is weak on the dark squares} 37. Bc4 Bc6 38. Qd1 Rf8 39. Be5 {[%emt 0:03:56] Hoping for Bxf6. A strong pair of Bishops.} Qe8 (39... f4 {was called for.} 40. Bxf4 Qf5) 40. Qd4 Qd7 (40... Qd8 {keeps fighting.} 41. Kh2 (41. Be6 Qe8 $18) 41... Re8) 41. Bxf6 Rxf6 42. Bd5 Bb5 43. Rc3 Ba6 44. Qb4 ({But not} 44. f3 exf3 45. Rxf3 (45. Bxf3 Bb5 $18) 45... Bb5) 44... Rg6 {[%emt 0:01:07] Weighted Error Value: White=0.16 (very precise) /Black=0.25 (precise) .  Mistake:       	White=1     	Black=5      Inaccurate:     	White=1     	Black=3      OK:         	White=18    	Black=12     Best:        	White=1     	Black=2} 1-0

[Event "US Masters 2024"]
[Site "Charlotte"]
[Date "2024.11.28"]
[Round "2.13"]
[White "Sargsyan, Anna M."]
[Black "Stremavicius, Titas"]
[Result "1/2-1/2"]
[ECO "B13"]
[WhiteElo "2361"]
[BlackElo "2545"]
[Annotator "TA"]
[PlyCount "141"]
[EventDate "2024.09.23"]
[EventType "swiss"]
[EventCountry "USA"]
[SourceTitle "playchess.com"]
[Source "ChessBase"]
[SourceQuality "1"]
[TimeControl "5400+30"]

1. e4 c6 2. d4 d5 3. exd5 cxd5 4. Bd3 Nf6 5. h3 Nc6 6. c3 e5 7. dxe5 Nxe5 8. Bb5+ Bd7 {[%emt 0:00:09] B13: Caro-Kann: Exchange Variation and Panov-Botvinnik Attack.} 9. Bxd7+ Qxd7 10. Nf3 Nc6 11. O-O Be7 12. Nbd2 $146 ({Predecessor:} 12. Bf4 O-O 13. Nbd2 d4 14. cxd4 Nxd4 15. Be5 Nc6 16. Bxf6 Bxf6 17. Ne4 Qf5 18. Nxf6+ Qxf6 {1-0 Seo,J (2409)-Jafarzadeh,M (2089) Lund CellaVision Cup 2019 (2)}) 12... O-O 13. Nb3 Ne4 14. Qd3 Bd6 15. Be3 Rfe8 16. Rad1 Rad8 17. Nbd4 Bb8 18. Rfe1 h6 19. c4 Nb4 20. Qb3 Na6 21. cxd5 Qxd5 22. Qxd5 Rxd5 23. Nb3 Nf6 24. Bd4 Red8 25. Re7 b6 26. Rde1 Nb4 27. Bxf6 gxf6 28. a3 Nc6 29. Re8+ Rxe8 30. Rxe8+ Kg7 31. g4 Be5 32. Rc8 $1 Rd3 33. Nbd2 Nd4 34. Kg2 Ne6 35. Rc2 Nf4+ 36. Kh2 Bd6 37. h4 Kg6 38. Kg1 f5 39. Rc6 Ne6 (39... fxg4 $2 {is the wrong capture.} 40. Ne5+ Kg7 41. Nxd3 Nxd3 42. Rxd6 $18) 40. Nc4 $1 Rd1+ 41. Kg2 Bf4 42. Nfe5+ Kf6 43. gxf5 Bxe5 44. fxe6 fxe6 45. Nxe5 Kxe5 46. Rc7 a5 47. Rh7 Rb1 48. Rxh6 Rxb2 49. Rh8 Rb3 50. h5 Kf6 51. h6 Kg6 52. h7 e5 53. a4 Rb4 54. Kg3 Kg7 55. Re8 $1 Kxh7 56. Rxe5 Rxa4 57. Re7+ Kg8 (57... Kg6 $5) 58. f4 Rb4 59. Kg4 a4 60. Ra7 Kf8 61. Kg5 Rb5+ 62. Kf6 $1 Ra5 63. Rb7 Ra8 $1 64. Rxb6 (64. Rh7 $5 Kg8 $8 65. Rg7+ Kh8 66. Rg1 $15) 64... a3 65. Rb1 a2 66. Ra1 Ra5 67. f5 Ke8 68. Ke6 Kd8 69. Kf6 $1 Kd7 70. Kg7 Rxf5 71. Rxa2 1/2-1/2

[Event "US Masters 2024"]
[Site "Charlotte"]
[Date "2024.11.28"]
[Round "2.14"]
[White "Brodsky, David"]
[Black "Sheehan, Ethan"]
[Result "0-1"]
[ECO "C72"]
[WhiteElo "2538"]
[BlackElo "2331"]
[Annotator "TA"]
[PlyCount "132"]
[EventDate "2024.09.23"]
[EventType "swiss"]
[EventCountry "USA"]
[SourceTitle "playchess.com"]
[Source "ChessBase"]
[SourceQuality "1"]
[TimeControl "5400+30"]

1. e4 e5 2. Nf3 Nc6 3. Bb5 a6 4. Ba4 d6 5. O-O Bd7 6. c4 Bg4 7. d4 Bxf3 8. Qxf3 exd4 {[%emt 0:00:20] [#] White is better.} 9. e5 {[%emt 0:05:32] Dodges Nf6} Qd7 $11 10. Re1 O-O-O 11. exd6 Bxd6 12. Nd2 Nf6 {[%emt 0:12:41] Strongly threatening ...Rhe8.} 13. Nb3 Rhe8 14. Bd2 Rxe1+ $1 15. Bxe1 Qe6 16. Bxc6 bxc6 $40 {[%emt 0:00:02][%mdl 128] White needs to defend precisely.} 17. c5 $1 Be5 18. Qd3 Rd5 19. Bb4 (19. g3 $11 {keeps the balance.} Ng4 20. h3) 19... Kd7 (19... Ng4 $1 $17 20. g3 Bf6 21. Qxa6+ Kd7) 20. Re1 {[%emt 0:03:21] Hoping for f4.} (20. h3 {simplifies} Nh5 21. Bd2 Nf4 22. Bxf4 Bxf4 23. Rd1) 20... Qg4 21. g3 {[%emt 0:02:02][%cal Ob3a5][%mdl 1024] White has compensation.} Qh3 22. Nd2 {[%emt 0:11:02][%cal Od2f3] Black must now prevent Nf3!} (22. Na5 $5 Ng4 $8 23. Qf5+ (23. Qxa6 $2 Qxh2+ 24. Kf1 Qxf2#) 23... Ke8 24. Nxc6 (24. Qc8+ Ke7 $11) 24... Qxh2+ 25. Kf1 Qh3+ (25... Qh1+ $2 26. Ke2 $18) 26. Kg1 Qh2+ 27. Kf1 Qh3+ (27... Qh1+ $2 28. Ke2 $18) 28. Kg1 Qh2+ $11) 22... Ng4 23. Nf3 {[%emt 0:00:31] Qf5+ is the strong threat.} Bf6 24. Qe2 {[%emt 0:01:02] Black continues to play with concentration.} (24. Qe4 $11 Kc8 25. Ba5) 24... Ne5 $1 $17 25. Nd2 (25. Nxe5+ $2 Rxe5 (25... Bxe5 26. Qe4 $17) 26. Qf3 (26. Qxa6 $2 Rh5 $19) 26... Rxe1+ 27. Bxe1 Qe6 $19) 25... d3 {[%emt 0:01:04] Really sharp! Black is more active.} 26. Qe4 {[%emt 0:01:09] [#]} Kc8 $1 27. Bc3 {[%emt 0:00:10] [#] Prevents Rd4} (27. Qg2 $17 {was called for.} Qf5 28. Kh1) 27... Ng4 $1 $19 (27... Rxc5 28. Qa4 $17) 28. Qg2 Qxg2+ 29. Kxg2 Bxc3 30. bxc3 Rxc5 {[%emt 0:01:22][%mdl 4096] Endgame. KRN-KRN} 31. h3 Nf6 32. c4 Ra5 33. Ra1 Re5 34. Rd1 Re2 35. a3 c5 36. Kf3 Nd7 37. Ne4 Ne5+ 38. Kf4 f6 (38... Nxc4 39. Rxd3 Rc2 40. h4) 39. f3 Ra2 (39... Nxc4 40. Rxd3 Nb6 41. Nc3 $19) 40. Nxc5 Rxa3 ({Less strong is} 40... Nxc4 41. Rxd3 a5 (41... Rxa3 42. Rxa3 Nxa3 43. Kf5 $11) (41... Nxa3 42. Re3 $15) 42. Rd7 g5+ (42... Rxa3 43. Rxg7 Kb8 44. Na6+ Kb7 45. Nxc7 $11) 43. Ke4 $17) 41. Ke4 d2 ({Much less strong is} 41... Nxc4 42. Nxd3 Nd6+ 43. Kd5 $19) 42. Rxd2 Rxf3 43. Ra2 Rxg3 44. Rxa6 Kb8 {[%emt 0:00:06] Prevents Ra8+} ({Inferior is} 44... Nxc4 45. Ra8#) 45. Ra4 (45. Re6 {was necessary.}) 45... Rxh3 46. Rb4+ Kc8 47. Ra4 Nd7 48. Ra8+ Nb8 49. Ne6 Kb7 50. Ra1 g6 51. Nf8 Rh5 52. Rf1 Re5+ 53. Kd3 Re7 54. Rh1 (54. Rxf6 $142 Nd7 55. Rf4) 54... Nd7 55. Nxh7 Kc6 56. Kd4 Kd6 57. c5+ Ke6 58. c6 Ne5 59. Kc5 Rf7 60. Rh2 g5 61. Rh6 Kf5 {[%emt 0:00:09] Threatens to win with ...g4.} 62. Kd5 Ng4 63. Rh1 Kg6 64. Nxg5 fxg5 65. Rg1 Nf6+ 66. Ke6 Rf8 {[%emt 0:00:04] Weighted Error Value: White=0.37/Black=0.10 (very precise) .  Mistake:       	White=6     	Black=1      Inaccurate:     	White=2     	Black=1      OK:         	White=20    	Black=24     Best:        	White=6     	Black=3      Strong:       	White=1     	Black=4} 0-1

[Event "US Masters 2024"]
[Site "Charlotte"]
[Date "2024.11.28"]
[Round "2.15"]
[White "Woodward, Andy"]
[Black "Wang, Isaac"]
[Result "1-0"]
[ECO "D02"]
[WhiteElo "2525"]
[BlackElo "2328"]
[Annotator "TA"]
[PlyCount "81"]
[EventDate "2024.09.23"]
[EventType "swiss"]
[EventCountry "USA"]
[SourceTitle "playchess.com"]
[Source "ChessBase"]
[SourceQuality "1"]
[TimeControl "5400+30"]

1. d4 Nf6 2. Nf3 e6 3. Bf4 d5 4. e3 c5 5. Nbd2 Nc6 6. c3 Nh5 7. Bg5 f6 8. Bh4 g6 9. Bd3 {[%emt 0:07:10][%cal Of3e5] The position is equal.} cxd4 10. cxd4 Bd6 11. O-O O-O 12. a3 a5 13. Nb1 Bd7 14. Nc3 Qe8 15. Be2 a4 16. e4 dxe4 17. Nxe4 Be7 18. Re1 Nf4 (18... Kh8 $11) 19. Bc4 $16 Qf7 20. Bg3 Nd5 21. Bd6 b6 22. Rc1 Rfe8 23. Bb5 Nb8 24. Bc4 {[%emt 0:05:22] White has more active pieces.} Nc6 25. Bxe7 Qxe7 {[%emt 0:08:35] [#]} 26. Nc5 $1 bxc5 27. Bxd5 Rab8 28. dxc5 ({Don't do} 28. Rxc5 Qd6 29. Be4 Rxb2 $11) 28... Rxb2 29. Qxa4 Rc8 30. Qe4 ({White should try} 30. h3 $16) 30... exd5 $14 31. Qxe7 Nxe7 32. Rxe7 Bg4 (32... Ba4 $14) 33. h3 ({But not} 33. Nd4 $6 Rxc5 34. Rce1 Rc4 $11) 33... Bxf3 34. gxf3 $16 {[%emt 0:00:02][%mdl 4096] [#] Endgame. Threatens to win with c6. KRR-KRR} Rb3 (34... d4 $16 {might work better.}) 35. Rd7 (35. c6 $18 d4 36. Rc4 Rxa3 37. Rxd4) 35... Rxf3 $2 {[%emt 0:00:51][%mdl 8192] Black cannot hold the game after this.} (35... d4 $16) 36. c6 $18 {[%emt 0:00:11][%cal Bc5c6,Bc6c7][%mdl 32] White is clearly winning.} (36. Rxd5 Rxa3 37. c6 Ra7 $11) 36... Rxa3 37. c7 {[%emt 0:00:10] Strongly threatening Rd8+.} (37. Rxd5 Ra7 $11) 37... Raa8 38. Rd1 ({Less strong is} 38. Rxd5 Kf7 $18) 38... Re8 39. R1xd5 {[%emt 0:00:08] Hoping for Rd8.} Rac8 40. R5d6 Rf8 41. Re7 {[%emt 0:00:21] Weighted Error Value: White=0.18 (very precise) /Black=0.15 (very precise) .  Loses game:     	---       	Black=1      Mistake:       	White=2     	Black=3      Inaccurate:     	---       	Black=4      OK:         	White=14    	Black=11     Best:        	White=2     	Black=4} 1-0

[Event "US Masters 2024"]
[Site "Charlotte"]
[Date "2024.11.28"]
[Round "2.16"]
[White "Ouellet, Maili-Jade"]
[Black "Cordova, Emilio"]
[Result "0-1"]
[ECO "E39"]
[WhiteElo "2352"]
[BlackElo "2525"]
[Annotator "TA"]
[PlyCount "98"]
[EventDate "2024.09.23"]
[EventType "swiss"]
[EventCountry "USA"]
[SourceTitle "playchess.com"]
[Source "ChessBase"]
[SourceQuality "1"]
[TimeControl "5400+30"]

1. d4 Nf6 2. c4 e6 3. Nc3 Bb4 4. Qc2 c5 5. dxc5 O-O 6. a3 Bxc5 7. Nf3 a6 8. Bg5 Be7 9. e3 d6 {[%emt 0:00:44] White has an edge.} 10. Be2 b6 11. O-O Bb7 12. Rfd1 Qc7 13. Rd2 Nbd7 14. Rad1 Rfd8 15. Bd3 h6 16. Bxf6 Nxf6 17. Ne4 Rac8 18. b3 {[%emt 0:05:08] [#]} (18. h3 $15) 18... Nxe4 $1 $17 19. Bxe4 {[%emt 0:00:03] [#]} d5 $1 20. cxd5 Qxc2 (20... Bxa3 21. Qxc7 Rxc7 22. d6 $14) 21. Rxc2 Bxa3 (21... Bxd5 22. Rxc8 Rxc8 23. Bxd5 exd5 24. a4) 22. Rxc8 Rxc8 23. Kf1 Rc3 (23... a5 {simplifies} 24. Ne5 Rc3 25. Bf3 Bxd5 26. Bxd5 exd5 27. Rxd5 Rxb3 28. Rd8+ Kh7) 24. dxe6 (24. Ne5 $17) 24... Bxe4 $19 25. Rd8+ Kh7 26. exf7 Rxb3 27. Ne5 {[%emt 0:05:33] Wards off Bd3+} (27. Ke2 {was called for.}) 27... Rb1+ 28. Ke2 Bxg2 {[%emt 0:00:24] aiming for ...Rb2+.} 29. Nd7 Kg6 30. f8=Q Bxf8 31. Rxf8 {[%emt 0:00:09][%mdl 4096] Endgame. KRB-KRN} a5 32. h4 (32. Ne5+ $142 Kh7 33. f3) 32... Rb5 {[%emt 0:04:21] Hoping for ...a4.} 33. Rf4 Bh3 {[%emt 0:01:16] Prevents Rg4+} 34. Nf8+ Kh5 {[%emt 0:00:12] White must now prevent ...Rf5.} 35. Rd4 Bg4+ 36. Kd3 Rb3+ ({Worse is} 36... Kxh4 37. f3 h5 (37... Rb3+ 38. Kc2 $11) 38. fxg4 $11) 37. Kc2 {[%emt 0:00:24] [#]} Rb4 {[%emt 0:00:04] Strongly threatening ...Rxd4.} ({Resist} 37... Rb5 38. Kc3 $19) 38. Rd5+ Kxh4 39. Ng6+ Kh3 40. Nf4+ Kh2 41. Rd2 Bf3 42. Kc3 g5 43. Nd3 Rb1 44. Ne5 $2 (44. e4 Kh3 (44... Bxe4 45. f3+ Kg3 46. fxe4 $18) 45. e5) 44... Kg2 {[%emt 0:00:39] Threatens to win with ...h5.} 45. Rd6 h5 46. Rg6 g4 47. Rh6 Kxf2 48. Rxh5 Kxe3 49. Nd3 g3 {[%emt 0:00:46] Weighted Error Value: White=0.49/Black=0.10 (very precise) .  Mistake:       	White=5     	---        Inaccurate:     	White=1     	---        OK:         	White=11    	Black=17     Best:        	White=3     	Black=6      Strong:       	---       	Black=1} 0-1

[Event "US Masters 2024"]
[Site "Charlotte"]
[Date "2024.11.28"]
[Round "2.17"]
[White "Parkhov, Yair"]
[Black "Wang, Tianqi"]
[Result "1/2-1/2"]
[ECO "A84"]
[WhiteElo "2523"]
[BlackElo "2323"]
[Annotator "TA"]
[PlyCount "80"]
[EventDate "2024.09.23"]
[EventType "swiss"]
[EventCountry "USA"]
[SourceTitle "playchess.com"]
[Source "ChessBase"]
[SourceQuality "1"]
[TimeControl "5400+30"]

1. c4 e6 2. Nc3 d5 3. d4 c6 4. e3 f5 5. Nf3 Nd7 6. Be2 Bd6 7. b3 Qe7 8. Bb2 {[%emt 0:04:56] White has an edge.} Ngf6 9. O-O O-O 10. a4 a5 11. Qc2 Ne4 12. Nb1 b6 13. Ne5 Bb7 14. Nd2 Nxd2 15. Qxd2 Nxe5 16. dxe5 Bb4 17. Qc2 Rad8 18. Rfd1 Rd7 19. Rac1 {[%emt 0:02:25] The position is equal.} Bc5 20. Bd4 Bxd4 21. exd4 c5 22. Bf3 Rfd8 23. dxc5 Qxc5 24. cxd5 Qxc2 25. Rxc2 Bxd5 26. Bxd5 Rxd5 27. Rxd5 Rxd5 $11 {[%emt 0:00:01][%cal Rd5d1][%mdl 4096] [#] Endgame. KR-KR} 28. f4 b5 29. Rc8+ Kf7 30. Rc7+ Kf8 31. Ra7 bxa4 32. bxa4 Rd4 33. Ra8+ Kf7 34. Ra7+ Kf8 35. Rxa5 Rxf4 36. Ra8+ Kf7 37. Ra7+ Kg6 38. Ra6 Kf7 39. Ra7+ Kg6 40. Ra6 Kf7 {[%emt 0:00:09] Weighted Error Value: White=0.07 (flawless) /Black=0.06 (flawless) .  Inaccurate:     	White=1     	Black=2      OK:         	White=11    	Black=17     Best:        	---       	Black=2} 1/2-1/2

[Event "US Masters 2024"]
[Site "Charlotte"]
[Date "2024.11.28"]
[Round "2.18"]
[White "Kunka, Harshid"]
[Black "Repka, Christopher"]
[Result "0-1"]
[ECO "C60"]
[WhiteElo "2347"]
[BlackElo "2520"]
[Annotator "RC"]
[PlyCount "96"]
[EventDate "2024.09.23"]
[EventType "swiss"]
[EventCountry "USA"]
[SourceTitle "playchess.com"]
[Source "ChessBase"]
[SourceQuality "1"]
[TimeControl "5400+30"]

1. e4 e5 2. Nf3 Nc6 3. Bb5 Nge7 4. c3 d5 5. Nxe5 dxe4 6. Qe2 Qd5 7. f4 exf3 8. Nxf3 Bg4 9. O-O O-O-O 10. d4 Nf5 11. Qc4 Bxf3 12. gxf3 Qd7 13. Bxc6 Qxc6 14. Qxc6 bxc6 15. b4 Bd6 16. Re1 Rhe8 17. Re4 Nh4 18. Kf2 Ng6 19. h3 f5 20. Rxe8 Rxe8 21. Na3 Bf4 22. Nc4 Bxc1 23. Rxc1 Nf4 24. Rc2 Nd3+ 25. Kg3 Re6 26. Rd2 Rg6+ 27. Kh2 Nf4 28. Ne5 Rh6 29. Kg3 g5 30. Rh2 Nd5 31. Rc2 Kb7 32. a3 Rh4 33. Nd3 h5 34. Nc5+ Kc8 35. Ne6 f4+ 36. Kh2 g4 37. Ng5 Ne3 38. Rc1 Kd7 39. Kg1 Ke7 40. Kf2 Kf6 41. Ne4+ Kf5 42. hxg4+ hxg4 43. Ng3+ fxg3+ 44. Kxe3 Rh6 45. Rg1 Re6+ 46. Kd3 Kf4 47. fxg4 Kf3 48. Rf1+ Kxg4 0-1

[Event "US Masters 2024"]
[Site "Charlotte"]
[Date "2024.11.28"]
[Round "2.19"]
[White "Moradiabadi, Elshan"]
[Black "Xie, Bryan"]
[Result "1-0"]
[ECO "B47"]
[WhiteElo "2515"]
[BlackElo "2322"]
[Annotator "TA"]
[PlyCount "69"]
[EventDate "2024.09.23"]
[EventType "swiss"]
[EventCountry "USA"]
[SourceTitle "playchess.com"]
[Source "ChessBase"]
[SourceQuality "1"]
[TimeControl "5400+30"]

1. e4 c5 2. Nf3 e6 3. d4 cxd4 4. Nxd4 Nc6 5. Nc3 Qc7 6. Ncb5 Qb8 7. Bd3 a6 8. Nxc6 {[%emt 0:00:04] The position is equal.} bxc6 9. Nd4 c5 10. Nf3 Bb7 11. O-O d6 ({Black should try} 11... c4 $11 12. Bxc4 Bxe4) 12. Bf4 $14 Ne7 13. c3 Nc6 14. Nd2 Be7 15. Nc4 Qc7 16. Qg4 g5 {[%emt 0:05:00] [#] ...h5 would now be deadly.} 17. Be3 {[%emt 0:01:57][%cal Of2f4] White is much more active.} (17. Bxg5 $2 Rg8 18. f4 h6 $17) 17... d5 18. exd5 exd5 19. Nd2 Ne5 20. Qg3 $36 {[%emt 0:01:03][%mdl 2048] White is more active.} h5 {[%emt 0:11:37] ...h4 is the strong threat.} 21. Bd4 (21. Bxg5 {looks sharper.} h4 22. Qf4 Bxg5 23. Qxg5 Nxd3 24. Qe3+) 21... f6 ({Black should play} 21... cxd4 $14 22. cxd4 h4 (22... Bb4 23. Nb3 $18) 23. Qxe5 Qxe5 24. dxe5 h3) 22. Bxe5 Qxe5 23. f4 Qd6 (23... Qc7 $16) 24. Rae1 $18 O-O-O (24... g4 {might work better.}) 25. fxg5 fxg5 $2 (25... Qxg3 26. hxg3 Bd6 27. gxf6 (27. Rxf6 Rhg8 $18) 27... Rhf8) 26. Bf5+ {[%emt 0:00:02] White is clearly winning.} Rd7 27. Bxd7+ Qxd7 28. Rf7 Bd6 29. Qf2 Qc6 30. Nb3 {[%emt 0:00:09] Black must now prevent Na5.} c4 31. Na5 Bc5 32. Nxc6 Bxf2+ 33. Kxf2 Bxc6 34. Re6 Bb5 {[%emt 0:00:43] [#]} 35. a4 $1 {[%emt 0:00:18] Weighted Error Value: White=0.29 (precise) /Black=0.33.  Mistake:       	---       	Black=5      Inaccurate:     	White=3     	Black=2      OK:         	White=14    	Black=8      Best:        	White=2     	Black=2} 1-0

[Event "US Masters 2024"]
[Site "Charlotte"]
[Date "2024.11.28"]
[Round "2.20"]
[White "Sinha, Sahil"]
[Black "Schitco, Ivan"]
[Result "1-0"]
[ECO "E90"]
[WhiteElo "2346"]
[BlackElo "2511"]
[Annotator "TA"]
[PlyCount "77"]
[EventDate "2024.09.23"]
[EventType "swiss"]
[EventCountry "USA"]
[SourceTitle "playchess.com"]
[Source "ChessBase"]
[SourceQuality "1"]
[TimeControl "5400+30"]

1. d4 Nf6 2. c4 c5 3. d5 g6 4. Nc3 Bg7 5. e4 d6 6. h3 O-O 7. Nf3 e6 8. Bd3 Na6 9. O-O Nc7 10. Re1 Re8 11. Bf4 {[%emt 0:03:08] White is more active.} e5 12. Be3 Nh5 13. a3 {[%emt 0:09:26] White is better.} Bd7 14. b4 b6 15. Rb1 Nf4 16. Bc2 Qf6 (16... Re7 $16) 17. bxc5 $18 dxc5 {[%emt 0:02:47] [#]} 18. Bxf4 $1 Qxf4 {[%emt 0:02:42] [#]} 19. d6 $1 Ne6 20. Nd5 Qh6 21. Ba4 Red8 22. Bc6 Nf4 $2 (22... Bxc6 23. Ne7+ Kh8) 23. Bxa8 Rxa8 24. a4 g5 {[%emt 0:04:58] [#]} 25. a5 $1 {[%emt 0:02:42] White is clearly winning.} g4 (25... Nxd5 26. Qxd5) 26. hxg4 Bxg4 27. Nxf4 exf4 28. e5 Kh8 29. axb6 axb6 30. Qd5 Rg8 31. d7 Rd8 32. Qxf7 {[%emt 0:00:15] Threatening mate with e6.} Rxd7 33. Qe8+ Bf8 {[%emt 0:00:03] [#]} 34. Rxb6 $3 Qg7 35. Rf6 Kg8 36. Rxf4 {[%emt 0:00:40] Black must now prevent e6.} Re7 37. Qc6 Re6 38. Qd5 {[%emt 0:00:02] And now Nh4 would win.} Be7 39. Ra1 {[%emt 0:00:45] Black got outplayed after the opening.   Weighted Error Value: White=0.12 (very precise) /Black=0.61.  Mistake:       	---       	Black=2      OK:         	White=11    	Black=4      Best:        	White=2     	---        Strong:       	White=2     	---} 1-0